 Dungeon Crawl Stone Soup version 0.30.0-30-g96aa6591b8 (webtiles) character file.

Game seed: 8540768160287726133

4 cdecastro the Grave Robber (level 1, 0/14 HPs)
             Began as a Ghoul Necromancer on June 28, 2023.
             Slain by a jackal (3 damage)
             ... on level 1 of the Dungeon.
             The game lasted 00:00:34 (74 turns).

cdecastro the Grave Robber (Ghoul Necromancer)        Turns: 74, Time: 00:00:34

Health: 0/14       AC:  2    Str: 11    XL:     1   Next: 70%
Magic:  0/2        EV: 12    Int: 10    God:
Gold:   0          SH:  0    Dex:  9    Spells: 2/3 levels left

rFire   . . .        d - +0 sling
rCold   + . .        (no shield)
rNeg    + + +        a - +0 robe
rPois   ∞            (no helmet)
rElec   .            (no cloak)
rCorr   .            (no gloves)
SInv    .            (no boots)
Will    .....        (no amulet)
Stlth   ++           (no ring)
HPRegen 0.00/turn    (no ring)
MPRegen 0.08/turn

%: no passive effects
@: inhibited regen
A: claws 1, cold resistance 1, negative energy resistance 3, inhibited
regeneration, torment resistance 2, devour on kill
a: no special abilities


You were on level 1 of the Dungeon.
You visited 1 branch of the dungeon, and saw 1 of its levels.

Inventory:

Hand Weapons
 d - a +0 sling (weapon)
Armour
 a - a +0 robe (worn)
Scrolls
 c - a scroll of blinking {unknown}
Potions
 b - a potion of magic


   Skills:
 - Level 1.7 Dodging
 - Level 2.1 Stealth
 - Level 1.7 Spellcasting
 + Level 4.2 Necromancy


You had 2 spell levels left.
You knew the following spells:

 Your Spells              Type           Power      Damage    Failure   Level
a - Necrotise             Necr           36%        1d5       5%          1

Your spell library contained the following spells:

 Spells                   Type           Power      Damage    Failure   Level
 Vampiric Draining        Necr           9%         2d6       17%         3
 Animate Dead             Necr           9%         N/A       50%         4
 Agony                    Necr           9%         N/A       83%         5


Dungeon Overview and Level Annotations

Branches:
Dungeon (1/15)

Altars:


Innate Abilities, Weirdness & Mutations

You are immune to poison.
You have sharp fingernails.
Your flesh is cold resistant. (rC+)
You are immune to negative energy. (rN+++)
You do not regenerate when monsters are visible.
You are immune to unholy pain and torment.
You thrive by killing the living.


Message History

Aim: a quokka (heavily wounded, chance to affect: 76%)
The quokka writhes in agony.
You kill the quokka!
You feel better.
The dead are hopping!
Unknown command.
Unknown command.
You swap places.
The jackal barely misses your quokka skeleton.
The jackal closely misses your quokka skeleton.
Your quokka skeleton bites the jackal.
Unknown command.
Something bites your quokka skeleton. The jackal bites your quokka skeleton.
Your quokka skeleton bites the jackal but does no damage.
The jackal bites your quokka skeleton.
Your quokka skeleton is destroyed!
You are too injured to fight recklessly!
You are too injured to fight recklessly!
Fire: d) +0 sling
Press: ? - help, Q - select action, (/) - cycle Shift-Dir - straight line, f - jackal
Aim: a jackal (severely wounded, 37% to hit)
You shoot a sling bullet.
The sling bullet closely misses the jackal.
The jackal misses you.
Fire: d) +0 sling
Press: ? - help, Q - select action, (/) - cycle Shift-Dir - straight line, f/p - jackal
Aim: a jackal (heavily wounded, 37% to hit)
You shoot a sling bullet.
The sling bullet barely misses the jackal.
The sling bullet barely misses the jackal.
The jackal misses you. The jackal closely misses you.
Casting: Necrotise (safe; 5% risk of failure)
Confirm with . or Enter, or press ? or * to list all spells.
You don't have enough magic to cast this spell.
Unknown command.
Unknown command.
You shoot a sling bullet.
The sling bullet closely misses the jackal. x2
The jackal bites you.
You die...

#.# #.# #.# #.# #.# h# .
#.# .# ..##########.###
h# #[.............# h#
...........#.#@# .#
#............#h# .#
##'###'###+##h###.#.####
#...#...#...#...h.......
#...#~.~#..≈#####.#.####
#...#~.~#.≈≈# .#
#...#~.~#≈§≈# .#
#...#~)~#≈≈.# .#
#...#~.~#§..# ..


You could see 2 jackals.

Vanquished Creatures
  2 jackals (D:1)
  A quokka (D:1)
  A kobold (D:1)
4 creatures vanquished.

Notes
Turn   | Place    | Note
-------+----------+-------------------------------------------
     0 | D:1      | cdecastro the Ghoul Necromancer began the quest for the
                  | Orb.
     0 | D:1      | Reached XP level 1. HP: 14/14 MP: 2/2
    74 | D:1      | Slain by a jackal

Illustrated notes

Levels and vault maps discovered:
D:1:      lightli_arrival_quake, layout_basic,
          shapermc_ecumenical_altar_acropolis

Action                     || total
---------------------------++-------
   Fire: Sling             ||    14
   Cast: Necrotise         ||     2
 Armour: Robe              ||     2
  Dodge: Dodged            ||     8
